AoeStats
← 清风与我

Arena

510734380Analyzed
4v4 RM · 13h ago on Oct 2, 2026· 67m 8s· 8 players
Game mode
Random Map
Map size
Large (8 player)
Population
200
Speed
Normal
Resources
Standard
Victory
Conquest
Starting age
Dark Age
Ending age
Imperial Age
RankedLock teamsTeams togetherTeam positionsShared explorationLock speedFull tech treeHidden civsTurbo modeCheats
Victory
Defeat
🇳🇱 Khmer · Netherlands
950
+12
🇯🇵 Georgians · Japan
950
+12
🇰🇼 Saracens · Kuwait
890
+15
🇨🇳 Franks · China
871
+33
🇬🇪 Koreans · Georgia
915
-39
🇨🇿 Goths · Czechia
885
-15
🇩🇪 Magyars · Germany
831
-12
🇨🇳 Spanish · China
827
-12
kagemusha
6:16 Loom
12:14 Feudal Age
17:30 Castle Age
15:36 Double-Bit Axe
15:34 Horse Collar
15:56 Stone Mining
20:43 Wheelbarrow
20:40 Scale Barding Armor
20:48 Bow Saw
20:29 Gold Mining
26:54 Hand Cart
26:47 Town Watch
30:02 Svan Towers
34:14 Imperial Age
33:20 Chain Barding Armor
34:19 Forging
34:00 Fletching
34:50 Bodkin Arrow
35:22 Elite Monaspa
36:24 Conscription
37:31 Plate Barding Armor
37:32 Iron Casting
36:42 Pikeman
37:42 Heavy Plow
38:04 Scale Mail Armor
38:03 Murder Holes
38:33 Bracer
38:44 Halberdier
40:03 Arson
40:18 Squires
40:04 Gambesons
43:49 Blast Furnace
43:20 Chain Mail Armor
43:25 Aznauri Cavalry
48:37 Elite Skirmisher
49:18 Capped Ram
52:33 Ballistics
55:37 Plate Mail Armor
54:48 Siege Ram
58:58 Onager
64:18 Chemistry
64:28 Parthian Tactics
64:03 Heavy Cavalry Archer
martijn
12:19 Feudal Age
15:27 Castle Age
13:36 Horse Collar
15:28 Double-Bit Axe
17:45 Wheelbarrow
17:48 Heavy Plow
19:35 Bow Saw
22:29 Hand Cart
22:19 Stone Mining
22:45 Gold Mining
27:53 Gold Shaft Mining
27:12 Loom
27:14 Town Watch
28:56 Stone Shaft Mining
32:38 Imperial Age
31:02 Scale Barding Armor
31:08 Forging
30:48 Fletching
31:01 Murder Holes
31:16 Fortified Wall
31:27 Ballistics
32:27 Chain Barding Armor
32:18 Fortified Wall
32:19 Masonry
32:00 Guard Tower
34:37 Iron Casting
33:58 Bodkin Arrow
35:04 Chemistry
34:42 Plate Barding Armor
35:02 Crop Rotation
34:14 Cavalier
34:54 Husbandry
35:05 Bloodlines
38:16 Architecture
37:52 Siege Engineers
38:23 Keep
39:58 Light Cavalry
42:55 Town Patrol
54:22 Caravan
54:21 Capped Ram
55:33 Siege Ram
56:41 Bodkin Arrow
61:37 Heavy Scorpion
64:06 Plate Barding Armor
Slayer953662
8:59 Loom
11:06 Feudal Age
12:45 Wheelbarrow
11:59 Double-Bit Axe
14:37 Gold Mining
17:50 Castle Age
18:52 Bow Saw
18:59 Horse Collar
20:02 Heavy Plow
26:42 Stone Mining
30:05 Imperial Age
29:11 Fortified Wall
30:41 Gold Shaft Mining
32:41 Two-Man Saw
32:10 Hand Cart
33:14 Fletching
34:35 Forging
35:51 Iron Casting
35:35 Murder Holes
36:11 Bodkin Arrow
36:35 Masonry
38:24 Blast Furnace
38:01 Scale Barding Armor
38:39 Husbandry
38:50 Bloodlines
40:12 Chain Barding Armor
41:59 Plate Barding Armor
43:52 Elite Mameluke
47:36 Bracer
47:38 Padded Archer Armor
53:00 Elite Skirmisher
53:49 Thumb Ring
54:02 Leather Archer Armor
55:10 Chemistry
54:30 Ballistics
55:17 Ring Archer Armor
56:38 Squires
58:36 Conscription
Hiton
7:50 Loom
11:31 Feudal Age
13:57 Double-Bit Axe
20:16 Castle Age
28:47 Imperial Age
31:44 Forging
33:55 Gold Mining
34:09 Scale Mail Armor
35:41 Wheelbarrow
34:52 Town Watch
36:50 Gambesons
37:43 Iron Casting
37:15 Scale Barding Armor
38:03 Conscription
38:22 Gold Shaft Mining
38:13 Cavalier
39:11 Chivalry
40:02 Hand Cart
41:00 Bow Saw
40:42 Pikeman
41:55 Town Patrol
43:01 Elite Throwing Axeman
43:37 Halberdier
46:09 Paladin
50:37 Blast Furnace
51:06 Husbandry
54:40 Chain Barding Armor
55:58 Ordonnance Companies
61:56 Light Cavalry
63:29 Hoardings
63:03 Siege Engineers
62:40 Treadmill Crane
63:11 Masonry
62:47 Arrowslits
67:01 Capped Ram
Mini-Gun
0:31 Loom
16:22 Feudal Age
19:57 Wheelbarrow
19:10 Double-Bit Axe
26:53 Castle Age
25:14 Gold Mining
25:14 Stone Mining
27:40 Caravan
27:58 Hand Cart
27:25 Horse Collar
28:24 Gold Shaft Mining
27:40 Stone Mining
28:39 Bow Saw
31:22 Heavy Plow
32:38 Fletching
35:33 Ballistics
35:38 Bodkin Arrow
36:30 Thumb Ring
39:34 Imperial Age
39:43 Elite War Wagon
41:06 Stone Shaft Mining
41:37 Two-Man Saw
40:42 Bracer
42:47 Chemistry
43:47 Arrowslits
47:17 Conscription
47:34 Fortified Wall
madness
11:44 Feudal Age
13:50 Double-Bit Axe
16:14 Castle Age
15:16 Wheelbarrow
23:17 Horse Collar
27:16 Loom
27:50 Hand Cart
27:48 Forging
27:39 Scale Mail Armor
28:46 Town Watch
29:27 Chain Mail Armor
29:12 Gold Mining
31:38 Iron Casting
31:30 Anarchy
34:09 Imperial Age
31:40 Town Patrol
32:15 Squires
33:50 Pikeman
35:01 Bow Saw
34:53 Heavy Plow
35:55 Blast Furnace
34:58 Perfusion
35:20 Conscription
35:25 Stone Mining
36:43 Halberdier
37:41 Elite Huskarl
39:53 Crop Rotation
43:20 Two-Man Saw
47:56 Man-at-Arms
Pega Menis
12:08 Feudal Age
13:11 Horse Collar
13:19 Double-Bit Axe
13:38 Gold Mining
20:02 Castle Age
20:19 Stone Mining
21:40 Gold Shaft Mining
21:08 Heavy Plow
21:27 Bow Saw
23:07 Fervor
26:49 Corvinian Army
28:53 Scale Barding Armor
30:18 Wheelbarrow
33:18 Chain Barding Armor
34:03 Hand Cart
38:14 Imperial Age
39:46 Elite Magyar Huszar
41:05 Plate Barding Armor
40:54 Conscription
47:37 Hoardings
52:30 Two-Man Saw
51:22 Town Watch
51:23 Loom
58:56 Ballistics
清风与我
0:28 Loom
9:30 Feudal Age
10:05 Double-Bit Axe
10:01 Horse Collar
10:58 Wheelbarrow
15:57 Gold Mining
15:57 Stone Mining
22:19 Castle Age
21:10 Stone Mining
23:55 Bloodlines
23:47 Husbandry
23:16 Pikeman
23:57 Squires
24:14 Bow Saw
24:42 Stone Shaft Mining
29:58 Scale Barding Armor
31:47 Hand Cart
36:05 Fortified Wall
36:06 Masonry
40:58 Imperial Age
41:41 Halberdier
44:12 Halberdier
46:04 Architecture
45:55 Ballistics
46:35 Chemistry
49:20 Two-Man Saw
48:25 Heavy Plow
49:40 Chain Barding Armor
49:30 Forging
49:11 Fletching
49:21 Padded Archer Armor
49:21 Scale Mail Armor
51:10 Caravan
58:51 Iron Casting
58:12 Bodkin Arrow
58:33 Chain Mail Armor
Connection lost

Rejoining the realm…

Still unreachable

The connection could not be restored.

Session expired

The server has moved on; the page needs a fresh start.